TOP OF THE 1ST |
Arizona Diamondbacks batting - Pitching for Los Angeles Dodgers : RHP Jeremy Stock
|
Pitching: RHP Jeremy Stock
|
|
Batting: LHB Eric Klasek
|
0-0: Called Strike 0-1: Ball 1-1: Called Strike 1-2: Ball 2-2: Ball 3-2: Base on Balls
|
Batting: RHB Katilimomi Kelekolio
|
0-0: Ball 1-0: Ball 2-0: 2-RUN HOME RUN (Flyball, 89XD, EV 97.5 MPH), Distance : 409 ft
|
Batting: RHB Ruben Velasco
|
0-0: Foul Ball, location: 2F 0-1: Called Strike 0-2: SINGLE (Groundball, 34D, EV 101.2 MPH)
|
Batting: SHB Alec Thorpe
|
0-0: Ball 1-0: Ball Pickoff Throw to First - Out! 1-3 CS 2-0: Ball 3-0: Base on Balls
|
Batting: LHB Roy Steigerwald
|
0-0: Ball Alec Thorpe is caught stealing 2nd base 2-6 1-0: Ball 2-0: Ball 3-0: Called Strike 3-1: Called Strike 3-2: SOLO HOME RUN (Flyball, 7D, EV 98.8 MPH), Distance : 382 ft
|
Batting: RHB Jim Zucco
|
0-0: Ball 1-0: Ball 2-0: Ball 3-0: Called Strike 3-1: Base on Balls
|
Batting: RHB Andy Swaim
|
0-0: Ball 1-0: 2-RUN HOME RUN (Flyball, 9D, EV 95.0 MPH), Distance : 378 ft
|
Batting: LHB Mike Mentzer
|
0-0: Called Strike 0-1: Ball 1-1: Called Strike 1-2: Foul Ball, location: 2F 1-2: Ball 2-2: Strikes out swinging
|
Top of the 1st over - 5 runs, 4 hits, 0 errors, 0 left on base; Arizona 5 - Los Angeles 0 |
BOTTOM OF THE 1ST |
Los Angeles Dodgers batting - Pitching for Arizona Diamondbacks : RHP Nate Machado
|
Pitching: RHP Nate Machado
|
|
Batting: RHB Clay Buchanan
|
0-0: Called Strike 0-1: Ball 1-1: Ball 2-1: Ball 3-1: Base on Balls
|
Batting: LHB R.J. O'Brien
|
0-0: Ball 1-0: Ball Clay Buchanan steals 2nd base 2-0: SINGLE (Groundball, 56D, EV 96.2 MPH) Clay Buchanan to third Runner from 3rd tries for Home, SAFE, throw by LF to home
|
Batting: SHB Shane Marcum
|
0-0: Fly out, F7 (Flyball, 7LD, EV 96.9 MPH) Runner from 1st tags up, SAFE at 2nd
|
Batting: LHB Lirak Bazhunaishvili
|
0-0: Ball 1-0: Foul Ball, location: 2F 1-1: Foul Ball, location: 2F 1-2: Fly out, F8 (Flyball, 8RS, EV 80.6 MPH)
|
Batting: LHB Juan Concepcion
|
0-0: SINGLE (Groundball, 4MS, EV 63.8 MPH) (infield hit) R.J. O'Brien to third
|
Batting: RHB Rocky Campbell
|
0-0: Foul Ball, location: 2F 0-1: Ball 1-1: Foul Ball, location: 2F 1-2: Ball 2-2: Foul Ball, location: 2F 2-2: Strikes out swinging
|
Bottom of the 1st over - 1 run, 2 hits, 0 errors, 2 left on base; Arizona 5 - Los Angeles 1 |
TOP OF THE 2ND |
Arizona Diamondbacks batting - Pitching for Los Angeles Dodgers : RHP Jeremy Stock
|
Batting: SHB Warren Eisner
|
0-0: Ball 1-0: Called Strike 1-1: Ground out 1-3 (Groundball, 13S, EV 63.8 MPH)
|
Batting: LHB Eric Klasek
|
0-0: Swinging Strike 0-1: Called Strike 0-2: Strikes out swinging
|
Batting: RHB Katilimomi Kelekolio
|
0-0: Fly out, F8 (Flyball, 8RS, EV 93.1 MPH)
|
Top of the 2nd over - 0 runs, 0 hits, 0 errors, 0 left on base; Arizona 5 - Los Angeles 1 |
BOTTOM OF THE 2ND |
Los Angeles Dodgers batting - Pitching for Arizona Diamondbacks : RHP Nate Machado
|
Batting: RHB Adriaan Boessenkool
|
0-0: Foul Ball, location: 2F 0-1: Ball 1-1: Called Strike 1-2: Foul Ball, location: 2F 1-2: SINGLE (Line Drive, 78M, EV 86.9 MPH)
|
Batting: RHB Ben Mischnick
|
0-0: Swinging Strike 0-1: Ball 1-1: Ball 2-1: Grounds into double play, 4-6-3 (Groundball, 4M, EV 83.8 MPH)
|
Batting: RHB Edwin Soto
|
0-0: Ball 1-0: Called Strike 1-1: Foul Ball, location: 2F 1-2: Strikes out swinging
|
Bottom of the 2nd over - 0 runs, 1 hit, 0 errors, 0 left on base; Arizona 5 - Los Angeles 1 |
TOP OF THE 3RD |
Arizona Diamondbacks batting - Pitching for Los Angeles Dodgers : RHP Jeremy Stock
|
Batting: RHB Ruben Velasco
|
0-0: Called Strike 0-1: Ball 1-1: Ball 2-1: Swinging Strike 2-2: Strikes out looking
|
Batting: SHB Alec Thorpe
|
0-0: Foul Ball, location: 2F 0-1: Ball 1-1: Ball 2-1: Fly out, F9 (Flyball, 9D, EV 89.4 MPH)
|
Batting: LHB Roy Steigerwald
|
0-0: Fly out, F9 (Flyball, 9LM, EV 81.9 MPH)
|
Top of the 3rd over - 0 runs, 0 hits, 0 errors, 0 left on base; Arizona 5 - Los Angeles 1 |
BOTTOM OF THE 3RD |
Los Angeles Dodgers batting - Pitching for Arizona Diamondbacks : RHP Nate Machado
|
Batting: RHB Clay Buchanan
|
0-0: SINGLE (Groundball, 6MS, EV 61.2 MPH) (infield hit)
|
Batting: LHB R.J. O'Brien
|
0-0: Ball 1-0: Swinging Strike 1-1: Ball 2-1: SINGLE (Groundball, 34S, EV 66.9 MPH) (infield hit) Clay Buchanan to second
|
Batting: SHB Shane Marcum
|
0-0: Foul Ball, location: 2F 0-1: Grounds into double play, 3-6-1 (Groundball, 3, EV 98.8 MPH) Clay Buchanan to third
|
Batting: LHB Lirak Bazhunaishvili
|
0-0: Ball 1-0: Swinging Strike 1-1: Called Strike 1-2: SINGLE (Line Drive, 8RS, EV 105.6 MPH) Clay Buchanan scores
|
Batting: LHB Juan Concepcion
|
0-0: Called Strike 0-1: Ball 1-1: Ball 2-1: Foul Ball, location: 2F 2-2: Foul Ball, location: 2F 2-2: Foul Ball, location: 2F 2-2: Strikes out swinging
|
Bottom of the 3rd over - 1 run, 3 hits, 0 errors, 1 left on base; Arizona 5 - Los Angeles 2 |
TOP OF THE 4TH |
Arizona Diamondbacks batting - Pitching for Los Angeles Dodgers : RHP Jeremy Stock
|
Batting: RHB Jim Zucco
|
0-0: Foul Ball, location: 2F 0-1: Ball 1-1: Swinging Strike 1-2: Strikes out swinging, 2-3 out at first.
|
Batting: RHB Andy Swaim
|
0-0: Ball 1-0: Ball 2-0: Ball 3-0: Called Strike 3-1: Called Strike 3-2: Strikes out looking
|
Batting: LHB Mike Mentzer
|
0-0: Ball 1-0: Ball 2-0: DOUBLE (Groundball, 3L, EV 108.1 MPH)
|
Pitching: RHP Nate Allen
|
|
Batting: SHB Warren Eisner
|
0-0: DOUBLE (Groundball, 5D, EV 100.0 MPH) Mike Mentzer scores
|
Batting: LHB Eric Klasek
|
0-0: Ball 1-0: Called Strike 1-1: Ball 2-1: Fly out, F9 (Flyball, 9D, EV 80.0 MPH)
|
Top of the 4th over - 1 run, 2 hits, 0 errors, 1 left on base; Arizona 6 - Los Angeles 2 |
BOTTOM OF THE 4TH |
Los Angeles Dodgers batting - Pitching for Arizona Diamondbacks : RHP Nate Machado
|
Batting: RHB Rocky Campbell
|
0-0: Ball 1-0: Swinging Strike 1-1: SOLO HOME RUN (Flyball, 78XD, EV 113.8 MPH), Distance : 432 ft
|
Batting: RHB Adriaan Boessenkool
|
0-0: Called Strike 0-1: SOLO HOME RUN (Flyball, 9D, EV 99.4 MPH), Distance : 367 ft
|
Batting: RHB Ben Mischnick
|
0-0: Called Strike 0-1: Ball 1-1: DOUBLE (Line Drive, 8LXD, EV 105.6 MPH)
|
Batting: RHB Edwin Soto
|
0-0: Fly out, F9 (Flyball, 89S, EV 93.1 MPH)
|
Batting: RHB Clay Buchanan
|
0-0: Ball 1-0: Ball 2-0: Ground out 6-3 (Groundball, 6M, EV 87.5 MPH) Ben Mischnick to third
|
Batting: LHB R.J. O'Brien
|
0-0: Ground out 3-1 (Groundball, 3D, EV 103.8 MPH)
|
Bottom of the 4th over - 2 runs, 3 hits, 0 errors, 1 left on base; Arizona 6 - Los Angeles 4 |
TOP OF THE 5TH |
Arizona Diamondbacks batting - Pitching for Los Angeles Dodgers : RHP Nate Allen
|
Batting: RHB Katilimomi Kelekolio
|
0-0: Fly out, F8 (Line Drive, 8RM, EV 86.9 MPH)
|
Batting: RHB Ruben Velasco
|
0-0: Foul Ball, location: 2F 0-1: Foul Ball, location: 2F 0-2: Ball 1-2: Ball 2-2: Strikes out swinging
|
Batting: SHB Alec Thorpe
|
0-0: Ball 1-0: Foul Ball, location: 2F 1-1: Foul Ball, location: 2F 1-2: Strikes out swinging
|
Top of the 5th over - 0 runs, 0 hits, 0 errors, 0 left on base; Arizona 6 - Los Angeles 4 |
BOTTOM OF THE 5TH |
Los Angeles Dodgers batting - Pitching for Arizona Diamondbacks : RHP Nate Machado
|
Batting: SHB Shane Marcum
|
0-0: Ball 1-0: Fly out, F9 (Flyball, 89D, EV 81.9 MPH)
|
Batting: LHB Lirak Bazhunaishvili
|
0-0: Ball 1-0: SINGLE (Line Drive, 89S, EV 96.9 MPH)
|
Batting: LHB Juan Concepcion
|
0-0: Called Strike 0-1: Grounds into double play, 4-6-3 (Groundball, 4, EV 100.6 MPH)
|
Bottom of the 5th over - 0 runs, 1 hit, 0 errors, 0 left on base; Arizona 6 - Los Angeles 4 |
TOP OF THE 6TH |
Arizona Diamondbacks batting - Pitching for Los Angeles Dodgers : RHP Nate Allen
|
Batting: LHB Roy Steigerwald
|
0-0: Foul Ball, location: 2F 0-1: Fly out, F7 (Flyball, 7D, EV 97.5 MPH)
|
Batting: RHB Jim Zucco
|
0-0: Ball 1-0: Foul Ball, location: 2F 1-1: Ball 2-1: Swinging Strike 2-2: Strikes out swinging
|
Batting: RHB Andy Swaim
|
0-0: Ball 1-0: SINGLE (Line Drive, 34D, EV 96.2 MPH)
|
Batting: LHB Mike Mentzer
|
0-0: Called Strike 0-1: Foul Ball, location: 2F 0-2: Strikes out looking
|
Top of the 6th over - 0 runs, 1 hit, 0 errors, 1 left on base; Arizona 6 - Los Angeles 4 |
BOTTOM OF THE 6TH |
Los Angeles Dodgers batting - Pitching for Arizona Diamondbacks : RHP Nate Machado
|
Batting: RHB Rocky Campbell
|
0-0: Fly out, F9 (Flyball, 9S, EV 89.4 MPH)
|
Batting: RHB Adriaan Boessenkool
|
0-0: Ball 1-0: Ball 2-0: Ball 3-0: Called Strike 3-1: Base on Balls
|
Batting: RHB Ben Mischnick
|
0-0: Ball 1-0: Foul Ball, location: 2F 1-1: Ball 2-1: Ball 3-1: Grounds into double play, 6-4-3 (Groundball, 6, EV 98.1 MPH)
|
Bottom of the 6th over - 0 runs, 0 hits, 0 errors, 0 left on base; Arizona 6 - Los Angeles 4 |
TOP OF THE 7TH |
Arizona Diamondbacks batting - Pitching for Los Angeles Dodgers : RHP Nate Allen
|
Pitching: RHP Adam Bucci
|
|
Batting: SHB Warren Eisner
|
0-0: Foul Ball, location: 2F 0-1: Ground out 6-3 (Groundball, 4MD, EV 103.1 MPH)
|
Batting: LHB Eric Klasek
|
0-0: Ball 1-0: Ground out 4-3 (Groundball, 4M, EV 88.1 MPH)
|
Batting: RHB Katilimomi Kelekolio
|
0-0: Ball 1-0: Foul Ball, location: 2F 1-1: SOLO HOME RUN (Flyball, 78XD, EV 108.8 MPH), Distance : 413 ft
|
Batting: RHB Ruben Velasco
|
0-0: Ball 1-0: Foul Ball, location: 2F 1-1: Foul Ball, location: 2F 1-2: Ground out 6-3 (Groundball, 6, EV 86.9 MPH)
|
Top of the 7th over - 1 run, 1 hit, 0 errors, 0 left on base; Arizona 7 - Los Angeles 4 |
BOTTOM OF THE 7TH |
Los Angeles Dodgers batting - Pitching for Arizona Diamondbacks : RHP Nate Machado
|
Batting: RHB Edwin Soto
|
0-0: Called Strike 0-1: Ball 1-1: Ball 2-1: Swinging Strike 2-2: Ground out 4-3 (Groundball, 4S, EV 71.9 MPH)
|
Batting: RHB Clay Buchanan
|
0-0: Ground out 6-3 (Groundball, 6, EV 83.8 MPH)
|
Batting: LHB R.J. O'Brien
|
0-0: Called Strike 0-1: Foul Ball, location: 2F 0-2: Fly out, F8 (Flyball, 8RS, EV 90.6 MPH)
|
Bottom of the 7th over - 0 runs, 0 hits, 0 errors, 0 left on base; Arizona 7 - Los Angeles 4 |
TOP OF THE 8TH |
Arizona Diamondbacks batting - Pitching for Los Angeles Dodgers : RHP Adam Bucci
|
Batting: SHB Alec Thorpe
|
0-0: Ball 1-0: Ground out 6-3 (Groundball, 56D, EV 106.2 MPH)
|
Batting: LHB Roy Steigerwald
|
0-0: Called Strike 0-1: Foul Ball, location: 2F 0-2: Ball 1-2: Strikes out swinging
|
Batting: RHB Jim Zucco
|
0-0: Foul Ball, location: 2F 0-1: Ball 1-1: Ball 2-1: Called Strike 2-2: Foul Ball, location: 2F 2-2: Foul Ball, location: 2F 2-2: SOLO HOME RUN (Flyball, 8LXD, EV 117.5 MPH), Distance : 467 ft
|
Batting: RHB Andy Swaim
|
0-0: Ball 1-0: Foul Ball, location: 2F 1-1: SINGLE (Groundball, 6S, EV 73.1 MPH) (infield hit)
|
Batting: LHB Mike Mentzer
|
0-0: Ball 1-0: Foul Ball, location: 2F 1-1: Fielders Choice at 2nd, U6 (Groundball, 6M, EV 83.1 MPH)
|
Top of the 8th over - 1 run, 2 hits, 0 errors, 1 left on base; Arizona 8 - Los Angeles 4 |
BOTTOM OF THE 8TH |
Los Angeles Dodgers batting - Pitching for Arizona Diamondbacks : RHP Nate Machado
|
Batting: SHB Shane Marcum
|
0-0: Ground out 5-3 (Groundball, 56, EV 88.1 MPH)
|
Batting: LHB Lirak Bazhunaishvili
|
0-0: Ball 1-0: SINGLE (Groundball, 6M, EV 85.0 MPH) (infield hit)
|
Batting: LHB Juan Concepcion
|
0-0: Foul Ball, location: 2F 0-1: Ball 1-1: Grounds out, U3 (Groundball, 3L, EV 107.5 MPH)
|
Batting: RHB Rocky Campbell
|
0-0: Ball 1-0: Called Strike 1-1: Swinging Strike 1-2: Strikes out swinging
|
Bottom of the 8th over - 0 runs, 1 hit, 0 errors, 1 left on base; Arizona 8 - Los Angeles 4 |
TOP OF THE 9TH |
Arizona Diamondbacks batting - Pitching for Los Angeles Dodgers : RHP Adam Bucci
|
Pitching: RHP Jon Schau
|
|
Batting: SHB Warren Eisner
|
0-0: Called Strike 0-1: Ball 1-1: Called Strike 1-2: Strikes out swinging
|
Batting: LHB Eric Klasek
|
0-0: Foul Ball, location: 2F 0-1: Ball 1-1: Called Strike 1-2: Ball 2-2: Fly out, F8 (Flyball, 78M, EV 85.0 MPH)
|
Batting: RHB Katilimomi Kelekolio
|
0-0: Called Strike 0-1: Foul Ball, location: 2F 0-2: Ball 1-2: Hit by Pitch
|
Batting: RHB Ruben Velasco
|
0-0: Called Strike Katilimomi Kelekolio steals 2nd base 0-1: Ball 1-1: Ground out U3 (Groundball, 34, EV 83.8 MPH)
|
Top of the 9th over - 0 runs, 0 hits, 0 errors, 1 left on base; Arizona 8 - Los Angeles 4 |
BOTTOM OF THE 9TH |
Los Angeles Dodgers batting - Pitching for Arizona Diamondbacks : RHP Nate Machado
|
Batting: RHB Adriaan Boessenkool
|
0-0: Foul Ball, location: 2F 0-1: Foul Ball, location: 2F 0-2: Ball 1-2: Ball 2-2: Ball 3-2: Base on Balls
|
Batting: RHB Ben Mischnick
|
0-0: Swinging Strike 0-1: Ball 1-1: Called Strike 1-2: Grounds into double play, 5-4-3 (Groundball, 5, EV 79.4 MPH)
|
Batting: RHB Edwin Soto
|
0-0: Foul Ball, location: 2F 0-1: Foul Ball, location: 2F 0-2: Fly out, F8 (Flyball, 8LS, EV 75.6 MPH)
|
Bottom of the 9th over - 0 runs, 0 hits, 0 errors, 0 left on base; Arizona 8 - Los Angeles 4 |
|